 Dungeon Crawl Stone Soup version 0.20-b1-2-gc5a9893 (webtiles) character file.

96 FastMan the Chopper (level 4, 0/41 HPs)
             Began as a Minotaur Berserker on May 23, 2017.
             Was a Believer of Trog.
             Slain by a worm (9 damage)
             ... on level 2 of the Dungeon.
             The game lasted 00:01:08 (1063 turns).

FastMan the Chopper (Minotaur Berserker)            Turns: 1063, Time: 00:01:09

Health: 0/41       AC:  9    Str: 23    XL:     4   Next: 41%
Magic:  3/3        EV:  8    Int:  4    God:    Trog [**....]
Gold:   30         SH:  0    Dex:  9    Spells: 3/3 levels left

rFire    . . .     SeeInvis .   a - +0 hand axe
rCold    . . .     Gourm    .   (no shield)
rNeg     . . .     Faith    .   n - +0 chain mail
rPois    .         Spirit   .   (helmet restricted)
rElec    .         Reflect  .   d - +0 cloak
rCorr    .         Harm     .   (no gloves)
MR       .....                  (no boots)
Stlth    ..........             (no amulet)
Regen    0.2/turn               (no ring)
MPRegen  0.1/turn               (no ring)

@: slowed, very slow
A: retaliatory headbutt, horns 2
a: Berserk, Trog's Hand, Burn Spellbooks, Renounce Religion


You were on level 2 of the Dungeon.
You worshipped Trog.
Trog was pleased with you.
You were very hungry.

You visited 1 branch of the dungeon, and saw 2 of its levels.

You collected 30 gold pieces.

Inventory:

Hand Weapons
 a - a +0 hand axe (weapon)
Armour
 d - a +0 cloak (worn)
 k - a +0 shield
 n - a +0 chain mail (worn)
Jewellery
 i - an uncursed ring of protection from fire {unknown}
Scrolls
 e - a scroll of magic mapping {unknown}
 g - 4 scrolls of identify {unknown}
 j - 2 scrolls of remove curse {unknown}
 m - a scroll of enchant armour {unknown}
Potions
 f - 4 potions of heal wounds {unknown}
 h - a potion of flight {unknown}
 o - a potion of magic {unknown}
Comestibles
 b - 6 chunks of flesh
 c - 2 bread rations {@e1}
 l - a fruit {@e4}


   Skills:
 + Level 4.4 Fighting
 * Level 5.7 Axes
 - Level 2.4 Armour
 - Level 2.1 Dodging


You had 3 spell levels left.
You didn't know any spells.

Dungeon Overview and Level Annotations

Branches:
Dungeon (2/15)

Altars:
Dithmenos
Trog


Innate Abilities, Weirdness & Mutations

You reflexively headbutt those who attack you in melee.
You have a pair of horns on your head.


Message History

The worm bites you!
* * * LOW HITPOINT WARNING * * *
You see here a worm corpse.
You feel a strong urge to attack something.
You are no longer berserk.
You are exhausted.
You feel yourself slow down.
You hit the worm.
The worm is almost dead.
The worm barely misses you.
You completely miss the worm. You headbutt the worm.
You kill the worm!
Trog accepts your kill.
You are feeling very hungry.
You see here a worm corpse.
You butcher the worm corpse.
You see here a chunk of flesh.
The moth of wrath goads the worm on!
The worm goes berserk!
The worm bites you!
You die...

#.# ##..#. #.#
##.#. #.# #.#.
#.# #...
#########.###
###.
#...........#
#.
#.#########.#
#. #.# #######
#. #@#
##....### #.
#w###......)#
#.
#.##.........
#.
#.##....#...)
#.
#.##...###...
##.
#...%..#y#._.
#..
####.†.###..)
##.. #.††.#....
#...
#.).......##...


You could see a worm (berserk).

Vanquished Creatures
  Terence (D:2)
  2 adders (D:2)
  6 worms (D:2)
  2 giant cockroaches (D:2)
  3 goblins
  2 hobgoblins
  8 jackals
  7 bats
  3 kobolds
  A rat (D:2)
35 creatures vanquished.

Notes
Turn   | Place    | Note
-------+----------+-------------------------------------------
     0 | D:1      | FastMan the Minotaur Berserker began the quest for the Orb.
     0 | D:1      | Reached XP level 1. HP: 19/19 MP: 0/0
   191 | D:1      | Reached skill level 4 in Axes
   191 | D:1      | Reached XP level 2. HP: 27/27 MP: 1/1
   581 | D:2      | Reached XP level 3. HP: 23/33 MP: 2/2
   790 | D:2      | Reached skill level 5 in Axes
   791 | D:2      | Reached ** piety under Trog
   910 | D:2      | Found a shadowy altar of Dithmenos.
  1032 | D:2      | Noticed a moth of wrath
  1035 | D:2      | Noticed Terence
  1036 | D:2      | Found a bloodstained altar of Trog.
  1044 | D:2      | Killed Terence
  1044 | D:2      | Reached XP level 4. HP: 20/41 MP: 3/3
  1063 | D:2      | Slain by a worm

Skill      XL: |  1  2  3 |
---------------+----------+-----
Axes           | 4 5 |  5.7
Fighting       | 4 |  4.4
Armour         | |  2.4
Dodging        | |  2.1

Action                   |  1- 3 |  4- 6 || total
-------------------------+-------+-------++-------
Melee: Hand axe          |    79 |     6 ||    85
       Headbutt          |    11 |     3 ||    14
Invok: Berserk           |     3 |       ||     3
  Eat: Chunk             |     2 |       ||     2
Armor: Ring mail         |    32 |       ||    32
       Chain mail        |    10 |     1 ||    11
Dodge: Dodged            |    51 |     2 ||    53
